[Event "Chhattisgarh Masters GM 2022"]
[Site "Chhattisgarh"]
[Date "2022.09.19"]
[Round "1.6"]
[White "Varshini V Kundar"]
[Black "Kushagra Mohan"]
[Result "0-1"]
[ECO "B15"]
[WhiteElo "1096"]
[BlackElo "2431"]
[Annotator "TA"]
[PlyCount "68"]
[EventDate "2022.09.19"]
[EventCountry "IND"]
[SourceTitle "playchess.com"]
[Source "ChessBase"]
[SourceQuality "1"]
[TimeControl "5400+30"]

1. e4 c6 2. d4 d5 3. Nc3 dxe4 4. Nxe4 Nf6 5. Nxf6+ exf6 6. c3 Bd6 7. Bd3 O-O 8. Qc2 {[%emt 0:01:04] BESTDEEP} Re8+ {[%emt 0:00:09] EASY. B15: Caro-Kann: 3 Nc3: 3...g6 and 3...dxe4 4 Nxe4 Nf6 5 Nxf6+ exf6.} 9. Ne2 {[%emt 0:00:09] EASY} h5 10. O-O h4 {[%emt 0:00:13] CPLX 2.9 18 (Nb8-d7) (=6). White is slightly better.} 11. h3 {[%emt 0:00:51] BESTDEEP} Nd7 {[%emt 0:00:35] CPLX 2.9} 12. Be3 {[%emt 0:00:51] CPLX 2.7 13 (Bc1-d2) (=3)} Nf8 {[%emt 0:04:53] CPLX 2.7 10 (Bd6-c7) (=6)} 13. Rad1 {[%emt 0:01:04] CPLX 2.6 0 (Ra1-e1) (=2)} Bc7 {[%emt 0:03:33] BESTDEEP} 14. Rfe1 {[%emt 0:03:42] CPLX 2.6 29 (c3-c4) (=6)} Ne6 {[%emt 0:04:30] [#] CPLX 2.7 39 (g7-g5) (=10)} 15. d5 $146 {[%emt 0:33:44] CPLX 2.6 59 (Kg1-f1) (=13)} (15. Kf1 $14) ({Predecessor:} 15. Qd2 Qd6 16. Bf4 Nxf4 17. Qxf4 Be6 18. Qxd6 Bxd6 19. a3 Rad8 20. Kf1 g5 21. Ng1 {1-0 (65) Gabrielian,A (2463)-Swiercz,D (2649) Chess.com INT 2020}) 15... cxd5 $11 {[%emt 0:01:39] EASY} 16. Bb5 {[%emt 0:00:05] CPLX 2.8 24 (Bd3-h7) (=14)} Re7 {[%emt 0:06:25] EASY} 17. c4 {[%emt 0:01:44] RELBLUND 106 (a2-a3) (=23)} (17. a3 $11 {keeps the balance.}) 17... Qd6 $1 $17 {[%emt 0:02:33] EASY} 18. cxd5 $2 {[%emt 0:21:02][%mdl 8192] RELBLUND 325 (Ne2-f4) (=51)} ({Avoid the trap} 18. Kf1 $2 Qh2 19. f4 Ba5 $19) (18. Nf4 $17 {is tougher.} Nxf4 19. Bxf4 Qxf4 20. Rxe7) 18... Qh2+ $19 {[%emt 0:00:53] CPLX 4.3=>BLUNDERREACT} 19. Kf1 {[%emt 0:00:03] LEGAL} Nf4 {[%emt 0:04:51] MISS-Ne6-g5 400 (Ne6-g5) (=39)} ({Better is} 19... Ng5 $19 20. d6 Bxd6) 20. Bxf4 $1 $11 {[%emt 0:06:34] DEEPSTRONG=>BLUNDERREACT} Bxf4 {[%emt 0:00:08] Chess con chili. RECAPT} 21. Ng1 {[%emt 0:01:01] EASY} Re5 {[%emt 0:06:39] CPLX 4.8} 22. Rxe5 {[%emt 0:03:51] CPLX 4.6} Bxe5 {[%emt 0:00:50] RECAPT} 23. d6 {[%emt 0:10:07] Black must now prevent d7. BESTDEEP} Be6 {[%emt 0:03:12] BESTDEEP} 24. d7 {[%emt 0:06:00] Prevents Rc8. CPLX 3.7} Rd8 $1 {[%emt 0:01:16] CPLX 4.1} 25. Qe4 {[%emt 0:01:46] CPLX 4.1 0 (Qc2-c5) (=31)} (25. Qc5 $5 ) 25... Qf4 {[%emt 0:07:25] CPLX 4.1 7 (a7-a6) (=26)} ({Don't take} 25... Bxa2 26. Qa4 Be6 27. Qxa7 $14) 26. Qxb7 {[%emt 0:01:44] BESTDEEP} Qb4 {[%emt 0:00:10] Strongly threatening ...Bc4+. CPLX 3.8 37 (Be5-d4) (=27)} 27. Qc6 {[%emt 0:02:22] Against Bc4+. RELBLUND 66 (b2-b3) (=31)} (27. b3 $14) 27... Qxb2 $40 {[%emt 0:01:43][%mdl 128] Black is up to no good. BESTDEEP} 28. Nf3 {[%emt 0:00:23] [#] Against Bd4. CPLX 4.0 18 (a2-a4) (=30)} Bb8 {[%emt 0:14:15] CPLX 4.2 49 (Be5-c7) (=27)} (28... Bc7 $1 $15) 29. a4 {[%emt 0:00:06] BESTDEEP} g5 $2 {[%emt 0:02:54] RELBLUND 199 (Qb2-b3) (=35)} (29... Qb3 $11 30. Rd4 (30. Be2 Qb4 $11) 30... Qa3) 30. Qc5 {[%emt 0:01:19] MISS-Nf3-d4 54 (Nf3-d4) (=30)} Qb3 {[%emt 0:05:30] [#] CPLX 3.9} 31. Re1 {[%emt 0:01:15] MISSDEEP-Kf1-e2 155 (Kf1-e2) (=35)} (31. Ke2 $1 $16) 31... Bxd7 {[%emt 0:03:01] Threatens to win with ...Rc8. EASY} 32. Nxg5 $2 {[%emt 0:00:32][%mdl 8192] RELBLUND 400 (Bb5-c4) (=50)} Bd6 {[%emt 0:04:17] CPLX 4.1 199 (Rd8-c8) (=38)} 33. Qd4 {[%emt 0:00:32] CPLX 4.2 400 (Bb5-c4) (=63)} (33. Bc4 $142 Bxc5 34. Bxb3 fxg5 35. Re5) 33... Bxb5+ $19 {[%emt 0:00:17] CPLX 4.1=>BLUNDERREACT} 34. axb5 {[%emt 0:00:16] RECAPT} Qxb5+ {[%emt 0:00:11] Quite a comeback for Black.  Weighted Error Value: White=0.76/Black=0.45} 0-1

[Event "Chhattisgarh Masters GM 2022"]
[Site "Chhattisgarh"]
[Date "2022.09.19"]
[Round "1.7"]
[White "Koustav Chatterjee"]
[Black "Gaurav Rajesh Zagade"]
[Result "1-0"]
[ECO "A64"]
[WhiteElo "2513"]
[BlackElo "2160"]
[Annotator "TA"]
[PlyCount "63"]
[EventDate "2022.09.19"]
[EventCountry "IND"]
[SourceTitle "playchess.com"]
[Source "ChessBase"]
[SourceQuality "1"]
[TimeControl "5400+30"]

1. Nf3 Nf6 2. c4 g6 3. g3 Bg7 4. Bg2 d6 5. d4 O-O 6. Nc3 c5 7. d5 a6 8. a4 e6 9. O-O exd5 10. cxd5 Re8 11. Nd2 Nbd7 12. h3 Rb8 13. Nc4 Ne5 {[%emt 0:06:23] CPLX 2.2} 14. Na3 {[%emt 0:00:57] BESTDEEP. A64: Modern Benoni: Fianchetto Variation: 9...Nbd7 10 Nd2 a6 11 a4 Re8.} Qc7 {[%emt 0:10:08] RELBLUND 67 (Nf6-h5) (=34)} (14... Nh5 $11) 15. f4 $14 {[%emt 0:06:18] CPLX 2.3} Ned7 {[%emt 0:00:23] EASY} 16. e4 {[%emt 0:07:49][%cal Be2e4,Be4e5,Be5d6][%mdl 32] CPLX 2.1. White is slightly better.} c4 {[%emt 0:09:14] BESTDEEP} 17. Be3 {[%emt 0:15:15] EASY} Nh5 {[%emt 0:25:34] CPLX 2.2 86 (Nd7-c5) (=31)} ({Black should try} 17... Nc5 $14 18. e5 (18. Nxc4 Nfxe4 19. Nxe4 Nxe4 $17) 18... Nb3) 18. Kh2 {[%emt 0:09:31] CPLX 2.6 25 (Qd1-f3) (=5)} Nc5 {[%emt 0:07:23] CPLX 2.8 58 (f7-f5) (=35)} (18... f5 $16) 19. g4 $18 {[%emt 0:05:02] CPLX 3.5} (19. Nxc4 Bxc3 20. e5 {[#]} (20. bxc3 Nxe4 21. g4 Qxc4 $17) 20... Ne4 $1 $11) 19... Bxc3 {[%emt 0:06:14] CPLX 3.4 36 (Nh5xf4) (=35)} 20. bxc3 {[%emt 0:00:23] [#] aiming for Bxc5. RECAPT} Nf6 $146 {[%emt 0:01:45] CPLX 3.2 0 (Nh5-g7) (=31)} (20... Nxe4 $2 21. gxh5 b5 22. hxg6 fxg6 23. axb5 axb5 24. Bd4 $18) ({Predecessor:} 20... Ng7 21. e5 b5 22. axb5 axb5 23. Nc2 Nd3 24. Nb4 Nxb4 25. cxb4 Bb7 26. Bd4 dxe5 27. Bxe5 Rxe5 {1-0 (64) Gonzalez Garcia,J (2521)-Baules,J (2349) Mexico City 2010}) 21. e5 {[%emt 0:06:22] EASY} (21. Nxc4 Ncxe4 22. Qd4 b5 $15) 21... Nd3 $2 {[%emt 0:03:44] CPLX 3.2 366 (Nc5-b3) (=68)} (21... Nb3 {is tougher.}) 22. exd6 {[%emt 0:02:09] MISSDEEP-e5xf6 275 (e5xf6) (=33)} Qd8 {[%emt 0:01:15] BESTDEEP=>BLUNDERREACT} 23. Nxc4 {[%emt 0:09:54] CPLX 3.4} b5 {[%emt 0:04:28] CPLX 3.5 157 (Nd3-b2) (=70)} (23... Nb2 {was called for.} 24. Nxb2 (24. Bb6 Nxg4+ 25. Qxg4 Bxg4 $18) 24... Rxe3) 24. axb5 {[%emt 0:03:00] CPLX 4.0. White is clearly winning.} ({Weaker is} 24. Qxd3 bxc4 25. Qd4 Bxg4 $16) 24... axb5 {[%emt 0:00:09] RECAPT} 25. Ne5 {[%emt 0:02:22] CPLX 3.9} ({Not} 25. Qxd3 bxc4 26. Qd4 Bxg4 $16) 25... Nb2 {[%emt 0:01:30] EVAL 297 (Nd3xe5) (=82)} (25... Nxe5 $142 26. fxe5 Rxe5) 26. Qb3 {[%emt 0:03:00] EVAL} Nd3 {[%emt 0:01:50] EVAL 70 (Qd8xd6) (=81)} 27. Bd4 {[%emt 0:00:09] EVAL} Rxe5 {[%emt 0:00:57] BEVAL 400 (Qd8xd6) (=102)} 28. fxe5 {[%emt 0:00:34] BEVAL} Nxg4+ {[%emt 0:00:28] BEVAL 268 (Nd3xe5) (=113)} 29. hxg4 {[%emt 0:00:15] BEVAL} Qh4+ {[%emt 0:00:10] BEVAL 149 (Qd8-g5) (=115)} 30. Kg1 {[%emt 0:00:04] BEVAL} Bxg4 {[%emt 0:00:21] BEVAL 400 (Qh4xg4) (=131)} 31. Qc2 {[%emt 0:00:28] BEVAL 400 (e5-e6) (=39)} Qg3 {[%emt 0:00:15] BEVAL} 32. Bf2 {[%emt 0:00:05] White took control after the opening.  Weighted Error Value: White=0.27 (precise) /Black=0.78} 1-0

[Event "Chhattisgarh Masters GM 2022"]
[Site "Chhattisgarh"]
[Date "2022.09.19"]
[Round "1.7"]
[White "Neverov, Valeriy"]
[Black "Praloy Sahoo"]
[Result "1-0"]
[ECO "A09"]
[WhiteElo "2430"]
[BlackElo "2117"]
[Annotator "TA"]
[PlyCount "77"]
[EventDate "2022.09.19"]
[EventCountry "IND"]
[SourceTitle "playchess.com"]
[Source "ChessBase"]
[SourceQuality "1"]
[TimeControl "5400+30"]

1. Nf3 d5 2. c4 d4 3. b4 g6 4. g3 Bg7 5. d3 e5 6. Bg2 Ne7 7. O-O O-O 8. Nbd2 a5 {[%emt 0:12:51] CPLX 2.0 12 (Nb8-d7) (=12)} 9. b5 {[%emt 0:01:04] CPLX 2.1. A09: Réti Opening: 1 Nf3 d5 2 c4.} Nd7 {[%emt 0:00:28] CPLX 2.0 7 (Ra8-a7) (=10)} 10. Ba3 {[%emt 0:01:26] EASY} Re8 {[%emt 0:02:48] CPLX 2.3} 11. Qc2 {[%emt 0:09:48] [#] CPLX 2.1 29 (Nd2-e4) (=10). White has an edge.} c5 $146 {[%emt 0:08:19] RELBLUND 86 (Ra8-b8) (=26)} (11... Rb8 $11 {keeps the balance.}) ({Predecessor:} 11... Nb6 12. Rfe1 Nf5 13. Rab1 Bf8 14. Bxf8 Kxf8 15. e3 dxe3 16. fxe3 Qe7 17. Ne4 Nd7 18. d4 Nd6 19. Nf2 e4 20. Nd2 f5 21. c5 {½-½ (21) Roeder,M (2395)-De Strycker,N (2194) Belgium 2018}) 12. bxc6 {[%emt 0:06:32] White is more active. CPLX 2.0 47 (Nd2-e4) (=19)} (12. Ne4 $1 $16) 12... Nxc6 $14 {[%emt 0:00:16] RECAPT} 13. Rab1 {[%emt 0:01:19] Prevents Nb4. CPLX 2.3 26 (Nd2-e4) (=20)} Ndb8 {[%emt 0:23:22] CPLX 2.4 25 (Nc6-b4) (=22)} (13... Nb4 $5 14. Bxb4 axb4 $11) 14. Rb5 {[%emt 0:19:09] CPLX 2.5 4 (Nd2-e4) (=18)} Na6 {[%emt 0:01:53][%cal Bb8a6,Ba6c7,Bc7e6,Be6c5,Bc5a4,Ba4c3][%mdl 32] BESTDEEP} 15. Qa4 {[%emt 0:00:27] CPLX 2.6 20 (c4-c5) (=18)} Nc7 {[%emt 0:01:41] CPLX 2.6} 16. Rb2 {[%emt 0:01:17] CPLX 2.8 6 (Rb5-b6) (=17)} Nb4 {[%emt 0:03:29] CPLX 2.5} 17. Bxb4 {[%emt 0:01:53] EASY} axb4 {[%emt 0:05:31] RECAPT} 18. Qxb4 {[%emt 0:00:08] RECAPT} Bf8 {[%emt 0:05:00] BESTDEEP} 19. Qb3 {[%emt 0:00:32] CPLX 3.0 12 (Qb4-b6) (=13)} Ne6 {[%emt 0:03:03][%mdl 1024] Black has compensation. BESTDEEP} 20. Qc2 {[%emt 0:03:59] CPLX 2.4 5 (Qb3-b6) (=12)} (20. Nxe5 $2 Nc5 21. Nxf7 Kxf7 $19) 20... Nc5 {[%emt 0:00:33] CPLX 2.4} 21. Ra1 {[%emt 0:05:01] CPLX 2.4 16 (Rb2-b1) (=13)} f5 {[%emt 0:10:35] CPLX 2.4 16 (Nc5-a4) (=10)} 22. Nb3 {[%emt 0:04:46] CPLX 2.4 7 (Nf3-e1) (=12)} Na4 $1 {[%emt 0:01:23] DEEPSTRONG} 23. Rbb1 {[%emt 0:00:04] EASY} Ra7 {[%emt 0:05:12] CPLX 2.3 27 (Bf8-g7) (=11)} 24. e3 {[%emt 0:07:04] RELBLUND 56 (Rb1-e1) (=14)} ({White should play} 24. Re1 $11) 24... Bg7 $2 {[%emt 0:06:14] RELBLUND 197 (d4xe3) (=22)} (24... dxe3 $1 $15 {keeps the upper hand.} 25. fxe3 b6) 25. exd4 $18 {[%emt 0:02:31] CPLX 2.6=>BLUNDERREACT} exd4 {[%emt 0:00:10] [#] RECAPT} 26. Re1 {[%emt 0:01:49] CPLX 2.4 116 (Nf3xd4) (=19)} (26. Nfxd4 $1 $18 {[%mdl 512] Hoping for Nb5.} Bxd4 (26... Ra6 27. Re1) 27. Bd5+ Be6 28. Nxd4 Bxd5 29. cxd5) 26... Rxe1+ $1 $14 {[%emt 0:01:21] DEEPSTRONG=>BLUNDERREACT} 27. Rxe1 {[%emt 0:00:04][%cal Of3d4] RECAPT} Nc3 {[%emt 0:00:08] EASY} 28. Nc1 {[%emt 0:03:46] CPLX 2.8 0 (Qc2-c1) (=17)} Bd7 {[%emt 0:00:57] CPLX 2.6 15 (Bg7-f6) (=18)} 29. Qd2 {[%emt 0:02:41] MISS-Nf3-e5 12 (Nf3-e5) (=17)} Ra5 {[%emt 0:00:43] [#] CPLX 2.6 100 (b7-b5) (=22)} ({Black should try} 29... b5 $14) 30. Qf4 $1 $18 {[%emt 0:02:54] DEEPSTRONG=>BLUNDERREACT} Bc6 {[%emt 0:00:32] CPLX 2.9 48 (Ra5-a6) (=23)} (30... Ra6 $16 31. Nb3 (31. Nxd4 g5 $16) 31... Rxa2) 31. Ng5 {[%emt 0:02:51] Strongly threatening Bxc6. CPLX 3.2} Bh6 {[%emt 0:00:27] CPLX 3.9 68 (Ra5-a8) (=25)} (31... Ra8 {was worth a try.} 32. Ne6 Qe7) 32. h4 {[%emt 0:00:05][%cal Bh2h4,Bh4g5][%mdl 32] And now Bxc6 would win. CPLX 4.3} Bxg2 {[%emt 0:00:34] CPLX 4.1} 33. Kxg2 {[%emt 0:00:06] RECAPT 20 (Nc1-b3) (=15)} b5 {[%emt 0:00:15] CPLX 3.5 8 (Ra5-a8) (=23)} 34. Nb3 $40 {[%emt 0:02:36][%csl LRa5,LRd4][%cal Bc1b3,Bb3d4,Bd4e6][%mdl 160] White wants a kill. EASY} Rxa2 {[%emt 0:00:33] CPLX 4.3 267 (Ra5-a8) (=32)} (34... Ra8 35. c5 (35. Nxd4 Bxg5 36. hxg5 bxc4 $16) (35. Qxd4 Qxd4 36. Nxd4 bxc4 $16) 35... Rc8) 35. Nxd4 {[%emt 0:01:15] Black must now prevent Nc6. DEEPSTRONG=>BLUNDERREACT} Bxg5 {[%emt 0:00:26] CPLX 4.6 92 (b5xc4) (=35)} 36. hxg5 {[%emt 0:00:47] aiming for Nc6. RECAPT} bxc4 {[%emt 0:00:25] CPLX 3.7 76 (Nc3-e4) (=36)} 37. Ne6 {[%emt 0:00:52] CPLX 4.4 152 (Nd4-f3) (=18)} Qd5+ {[%emt 0:00:50] CPLX 4.8} 38. Kh2 {[%emt 0:00:37] White threatens Qb8+ and mate. CPLX 4.6 22 (Kg2-h3) (=18)} Re2 {[%emt 0:00:00] CPLX 4.9 207 (Ra2-b2) (=40)} (38... Rb2 $142 39. Qe3 (39. dxc4 Qd2 $11) 39... Re2 40. Rxe2 Nxe2 41. dxc4 (41. Qxe2 cxd3 42. Qe3 d2 $11) 41... Qe4) 39. Rd1 $4 {[%emt 0:01:26][%mdl 40960] Weighted Error Value: White=0.22 (precise) /Black=0.53. Loss on time!?} 1-0

[Event "Chhattisgarh Masters GM 2022"]
[Site "Chhattisgarh"]
[Date "2022.09.19"]
[Round "1.7"]
[White "Aradhya, Garg"]
[Black "Arya Bhakta"]
[Result "1-0"]
[ECO "D37"]
[WhiteElo "2332"]
[BlackElo "2053"]
[Annotator "TA"]
[PlyCount "68"]
[EventDate "2022.09.19"]
[EventCountry "IND"]
[SourceTitle "playchess.com"]
[Source "ChessBase"]
[SourceQuality "1"]
[TimeControl "5400+30"]

1. d4 d5 2. c4 e6 3. Nc3 Be7 4. Bf4 Nf6 5. e3 O-O 6. Nf3 Nbd7 7. c5 c6 8. Bd3 b6 {[%emt 0:00:10] CPLX 2.2 20 (Nf6-h5) (=20)} 9. b4 {[%emt 0:00:06] CPLX 2.5. D37: Queen's Gambit Declined: 5 Bf4.} a5 {[%emt 0:00:05] CPLX 2.4 0 (Nf6-h5) (=10)} 10. a3 {[%emt 0:00:29] CPLX 2.6} Ba6 {[%emt 0:00:08] [#] aiming for ...Bxd3. CPLX 2.6} 11. O-O {[%emt 0:00:09] CPLX 2.8. The position is equal.} Qc8 {[%emt 0:00:05] BESTDEEP} 12. Ne1 {[%emt 0:01:21] [#] CPLX 2.8 20 (h2-h3) (=5)} Ne4 $146 {[%emt 0:21:01] CPLX 2.9 20 (Qc8-b7) (=8)} ({Predecessor:} 12... Bd8 13. f3 Bc7 14. Bxc7 Qxc7 15. f4 axb4 16. axb4 Bxd3 17. Nxd3 Ne4 18. Nxe4 dxe4 {1-0 (27) Tomljanovic,I (1837)-Mijakovic,P (1407) Trogir 2022}) 13. Qc2 {[%emt 0:02:36] BESTDEEP} g5 {[%emt 0:14:42] CPLX 3.3} ({Don't play} 13... bxc5 14. Nxe4 dxe4 15. Bxa6 Rxa6 16. bxc5 $16) 14. Bg3 {[%emt 0:08:53] CPLX 3.5} f5 {[%emt 0:03:31] CPLX 3.3 18 (h7-h5) (=8)} ({But not} 14... bxc5 15. Nxe4 dxe4 16. Bxa6 Rxa6 17. bxc5 $16) 15. Ne2 {[%emt 0:28:50] BESTDEEP} Bf6 {[%emt 0:24:42] CPLX 3.2 8 (h7-h5) (=8)} 16. Rc1 {[%emt 0:01:20] CPLX 3.2 10 (Ra1-b1) (=4)} (16. Rb1 {feels hotter.} axb4 17. axb4 bxc5 18. bxc5 Bg7 19. Rc1) 16... axb4 {[%emt 0:10:27] CPLX 3.2} (16... Nxg3 {with more complications.} 17. hxg3 axb4 18. axb4 bxc5 19. bxc5 h5) 17. axb4 {[%emt 0:01:21] RECAPT} Nxg3 {[%emt 0:01:33] CPLX 3.1} 18. hxg3 {[%emt 0:03:30][%cal Bh2g3,Bg3f4,Bf4e5][%mdl 32] RECAPT} Bxd3 {[%emt 0:05:10] MISS-b6xc5 18 (b6xc5) (=8)} 19. Nxd3 {[%emt 0:00:02] RECAPT} b5 {[%emt 0:00:15] CPLX 2.4} 20. f4 {[%emt 0:03:30] CPLX 2.2 32 (Rc1-a1) (=5)} Ra3 {[%emt 0:01:30] CPLX 2.6 38 (Bf6-e7) (=9)} 21. Nc3 {[%emt 0:04:52] CPLX 2.7 48 (Rc1-a1) (=8)} (21. Ra1 $14 {should be considered.} Qa6 22. Rxa3 Qxa3 23. Qd2) 21... gxf4 {[%emt 0:06:06] CPLX 2.9 29 (Qc8-b7) (=11)} 22. gxf4 {[%emt 0:00:41] RECAPT 29 (Qc2-b2) (=10)} (22. Qb2 $5 Qa6 23. gxf4 $11) 22... Kf7 {[%emt 0:00:23] [#] RELBLUND 125 (Qc8-b7) (=18)} (22... Qb7 $11 {keeps the balance.}) 23. Ne5+ $1 $16 {[%emt 0:18:48] DEEPSTRONG=>BLUNDERREACT} Bxe5 {[%emt 0:05:53] CPLX 3.9 43 (Nd7xe5) (=20)} 24. fxe5 {[%emt 0:04:49] RECAPT} Ke8 {[%emt 0:02:40] CPLX 3.6 109 (Kf7-g7) (=25)} (24... Kg7 $16 {is a better defense.}) 25. Ra1 $18 {[%emt 0:00:51] CPLX 2.7} Ra8 {[%emt 0:00:30] CPLX 3.1} 26. Qf2 {[%emt 0:03:42] CPLX 2.8 67 (Qc2-d1) (=11)} (26. Qd1 $18) 26... Rg8 $2 {[%emt 0:00:32] This costs Black the game. CPLX 2.8 176 (Rf8-f7) (=32)} (26... Rf7 $16 {was worth a try.} 27. Rxa8 Qxa8) 27. Qh4 {[%emt 0:03:13] CPLX 3.1} Nf8 {[%emt 0:00:30] CPLX 5.1 134 (Rg8-g7) (=37)} (27... Rg7 $142 28. Qh6 Re7) 28. Qh5+ {[%emt 0:01:00] CPLX 5.1. White is clearly winning.} Rg6 {[%emt 0:00:29] CPLX 4.0 40 (Nf8-g6) (=37)} 29. Ne2 {[%emt 0:00:55][%cal Bc3e2,Be2f4,Bf4h3,Bh3g5][%mdl 32] DEEPSTRONG} Ke7 {[%emt 0:00:13] CPLX 4.0 22 (Qc8-b8) (=36)} 30. Nf4 {[%emt 0:00:45] EASY} Rg7 {[%emt 0:00:47] CPLX 5.7 90 (Rg6-g4) (=39)} 31. Qh6 {[%emt 0:01:41] EASY} Rf7 {[%emt 0:00:24] BESTDEEP} 32. Nh3 {[%emt 0:00:24] CPLX 5.3 75 (g2-g4) (=12)} Kd7 {[%emt 0:00:32] EVAL 251 (Ke7-e8) (=46)} 33. g4 {[%emt 0:01:34] EVAL} Kc7 {[%emt 0:00:34] EVAL 205 (Ra8-a4) (=52)} 34. Ng5 {[%emt 0:00:06] EVAL} Rd7 {[%emt 0:00:00] Weighted Error Value: White=0.14 (very precise) /Black=0.45} 1-0

[Event "Chhattisgarh Masters GM 2022"]
[Site "Chhattisgarh"]
[Date "2022.09.19"]
[Round "1.8"]
[White "Ravi, Kumar"]
[Black "Venkatesh, M.R."]
[Result "1-0"]
[ECO "A36"]
[WhiteElo "2156"]
[BlackElo "2481"]
[Annotator "TA"]
[PlyCount "82"]
[EventDate "2022.09.19"]
[EventCountry "IND"]
[SourceTitle "playchess.com"]
[Source "ChessBase"]
[SourceQuality "1"]
[TimeControl "5400+30"]

1. c4 c5 2. Nc3 Nc6 3. g3 g6 4. Bg2 Bg7 5. e4 d6 6. Nge2 Bd7 {[%emt 0:00:29] MISSDEEP-a7-a6 20 (a7-a6) (=20)} 7. d3 {[%emt 0:01:02] CPLX 2.0. A36: Symmetrical English vs ...g6: 4 Bg2 Bg7.} a6 {[%emt 0:00:49] CPLX 2.1 7 (h7-h5) (=14)} 8. Be3 {[%emt 0:09:20] CPLX 2.1 17 (a2-a3) (=9)} Nd4 {[%emt 0:02:18] [#] CPLX 2.2 16 (Ra8-b8) (=14)} 9. Rb1 $146 {[%emt 0:03:03] BESTDEEP} ({Predecessor:} 9. h3 e6 10. Qd2 Ne7 11. O-O Nec6 12. Bh6 O-O 13. Bxg7 Kxg7 14. f4 Nxe2+ 15. Nxe2 {0-1 (35) Novikov,M (2234)-Kagirov,R (2312) Berdsk 2009}) 9... h5 {[%emt 0:13:21] CPLX 2.5} 10. h3 {[%emt 0:07:32] CPLX 2.6 8 (0-0) (=6)} Rb8 {[%emt 0:10:50] CPLX 2.6 21 (b7-b5) (=13)} 11. Qd2 {[%emt 0:07:14] CPLX 2.6 5 (b2-b4) (=6)} b6 {[%emt 0:22:09] CPLX 2.6 1 (b7-b5) (=11)} 12. f4 {[%emt 0:17:54] CPLX 2.6 29 (b2-b4) (=10)} Nh6 {[%emt 0:01:44] CPLX 2.5 17 (e7-e6) (=12)} 13. b4 {[%emt 0:08:09] CPLX 2.5 5 (Qd2-c1) (=9)} Kf8 {[%emt 0:24:51] RELBLUND 59 (h5-h4) (=18)} (13... h4 $11) 14. Bf2 {[%emt 0:09:32] CPLX 2.8 59 (0-0) (=15)} (14. O-O $14) 14... Kg8 {[%emt 0:01:17] CPLX 2.7 43 (h5-h4) (=20)} (14... h4 $5) 15. O-O {[%emt 0:12:27] RELBLUND 71 (a2-a4) (=22)} (15. a4 $14) 15... Bxh3 $11 {[%emt 0:06:14] EASY} 16. Nxd4 {[%emt 0:05:21] CPLX 3.7 63 (Bf2xd4) (=26)} (16. Bxd4 $15 Bxg2 17. Bxg7 Bxf1 18. Bxh8 Bxe2 19. f5) 16... Bxg2 {[%emt 0:01:56] RELBLUND 84 (c5xd4) (=24)} ({Black should try} 16... cxd4 $17 17. Bxh3 dxc3) 17. Nc6 {[%emt 0:01:34] CPLX 3.9=>BLUNDERREACT} Qd7 {[%emt 0:00:03] MISS-Bg7xc3 14 (Bg7xc3) (=24)} 18. Nxe7+ {[%emt 0:01:31] CPLX 4.6} (18. Nxb8 $2 Qh3 19. Bxc5 Qh1+ 20. Kf2 Qh2 $19) (18. Kxg2 Qxc6 19. Nd5 Rb7 $15) 18... Qxe7 {[%emt 0:00:05] RELBLUND 60 (Kg8-h7) (=26)} (18... Kh7 $1 $11 19. Kxg2 Bxc3 20. Qxc3 Qxe7) 19. Nd5 $36 {[%emt 0:01:28][%mdl 2048] White is on the roll. EASY} Qd8 {[%emt 0:00:19] CPLX 4.5 36 (Qe7-d7) (=27)} 20. Kxg2 {[%emt 0:00:14] EASY} Ng4 {[%emt 0:00:19] CPLX 2.9 0 (Kg8-h7) (=25)} 21. Qe2 {[%emt 0:02:01] CPLX 3.7 11 (f4-f5) (=18)} Nxf2 {[%emt 0:03:32] DEEPSTRONG} 22. Qxf2 {[%emt 0:01:35] RECAPT} Bd4 {[%emt 0:00:29] CPLX 2.8} 23. Qf3 {[%emt 0:00:40] Threatens to win with f5. CPLX 3.5} Kg7 {[%emt 0:00:41] CPLX 3.2} 24. Rh1 {[%emt 0:02:56] CPLX 3.5 26 (a2-a4) (=16)} b5 {[%emt 0:00:42] CPLX 4.0} 25. g4 {[%emt 0:01:00][%cal Rg4h5] BESTDEEP} h4 {[%emt 0:01:25] CPLX 4.7} 26. g5 {[%emt 0:00:39] CPLX 4.7 20 (Kg2-h3) (=16)} bxc4 {[%emt 0:01:03] MISSDEEP-c5xb4 119 (c5xb4) (=24)} (26... cxb4 $11 {keeps the balance.} 27. Rh3 Rc8) 27. dxc4 $16 {[%emt 0:00:14] RECAPT} Rh5 {[%emt 0:00:35] CPLX 4.7 18 (Qd8-d7) (=23)} 28. Rh3 {[%emt 0:02:07] CPLX 4.8 50 (a2-a3) (=17)} (28. a3 $16) 28... Qd7 {[%emt 0:00:12] CPLX 4.8 49 (c5xb4) (=25)} (28... cxb4 $14 29. Qd3 Bc3) 29. Rbh1 {[%emt 0:00:50] CPLX 5.5 81 (Qf3-e2) (=19)} (29. Qe2 $16) 29... Rbh8 {[%emt 0:00:29] RELBLUND 121 (Qd7-a4) (=29)} (29... Qa4 $1 $14 30. Qb3 (30. Rxh4 Qxa2+ 31. Kg3 Rxh4 $11) (30. Qe2 cxb4 31. Rb1 Kg8 $14) 30... Qxb3 31. axb3 cxb4) 30. Qd1 {[%emt 0:00:43] BESTDEEP} Qe6 {[%emt 0:00:55] CPLX 6.1 0 (Bd4-b2) (=27)} 31. Kf3 {[%emt 0:00:51] Active counter play! MISS-Rh1-e1 99 (Rh1-e1) (=22)} (31. Re1 $16) 31... f6 $11 {[%emt 0:01:28] DEEPSTRONG=>BLUNDERREACT} ({Weaker is} 31... Re8 32. Qe1 Reh8 33. bxc5 (33. Rxh4 Rxh4 34. Rxh4 cxb4 $11) 33... dxc5 34. Rxh4 $18) 32. gxf6+ {[%emt 0:01:36] CPLX 6.4 0 (b4xc5) (=21)} Bxf6 {[%emt 0:00:01] RECAPT} 33. bxc5 {[%emt 0:00:48] Chess con chili. EASY} dxc5 {[%emt 0:00:25] RECAPT} 34. Qd3 {[%emt 0:00:43] MISSDEEP-Qd1-e2 51 (Qd1-e2) (=21)} ({Better is} 34. Qe2 $1 $14) 34... Bd4 {[%emt 0:01:12] EASY} 35. Qb1 {[%emt 0:00:28] CPLX 5.9 0 (e4-e5) (=21)} Qf7 {[%emt 0:00:41] Prevents Qb7. CPLX 6.5 0 (g6-g5) (=23)} 36. Ke2 {[%emt 0:00:37] CPLX 5.8 0 (Qb1-f1) (=20)} Qd7 {[%emt 0:00:58] CPLX 4.7 0 (Qf7-e6) (=22)} (36... Rxd5 $2 37. cxd5 g5 38. fxg5 $18) 37. f5 {[%emt 0:00:29] Strongly threatening Nf4. CPLX 5.3 0 (Ke2-d2) (=19)} gxf5 $2 {[%emt 0:00:18][%mdl 8192] [#] MISSDEEP-Rh8-e8 400 (Rh8-e8) (=34)} (37... Re8 $1 $11 {and Black stays safe.} 38. Kd2 (38. f6+ Bxf6 39. Nxf6 Kxf6 $15) 38... gxf5 39. Rxh4 Rxh4 40. Rxh4 Kg8) 38. Rb3 $1 $18 {[%emt 0:00:05][%cal Bh3b3,Bb3b7,Bb7b6][%mdl 32] And now Rb7 would win. DEEPSTRONG=>BLUNDERREACT} Qe8 {[%emt 0:00:43] BEVAL 400 (Qd7-e6) (=45)} (38... Qe6 $142 39. Rb7+ Kf8 40. Rb8+ Kg7 41. Rg1+ Bxg1 42. Qxg1+ Qg6 43. Rb7+ (43. Qa1+ Kf7 $11) 43... Kh6) 39. Rb7+ {[%emt 0:00:33] BEVAL} Kh6 {[%emt 0:00:01] RELBLUND 400 (Kg7-f8) (=55)} 40. Rb6+ {[%emt 0:00:42] CPLX 6.4 400 (Qb1-c1) (=29)} Kh7 $1 {[%emt 0:00:21] RELBLUND} 41. Rb7+ {[%emt 0:00:34] RELBLUND} Kh6 $1 {[%emt 0:00:02] Weighted Error Value: White=0.40/Black=0.44} 1-0